 Dungeon Crawl Stone Soup version 0.29.1-15-g9cfb28693d (webtiles) character file.

Game seed: 759580806739344334

25 Heoruswealwe the Caller (level 2, -1/15 HPs)
             Began as a Deep Elf Summoner on Mar 10, 2023.
             Slain by Terence
             ... wielding a +5 flail of distortion
              (11 damage)
             ... on level 2 of the Dungeon.
             The game lasted 00:25:47 (999 turns).

Heoruswealwe the Caller (Deep Elf Summoner)          Turns: 999, Time: 00:25:47

Health: -1/15      AC:  2    Str:  5    XL:     2   Next: 86%
Magic:  1/9        EV: 16    Int: 19    God:
Gold:   63         SH:  0    Dex: 15    Spells: 8/9 levels left

rFire   . . .      SeeInvis .   m - +2 whip (vamp)
rCold   . . .      Faith    .   (no shield)
rNeg    . . .      Spirit   .   a - +0 robe
rPois   .          Reflect  .   (no helmet)
rElec   .          Harm     .   (no cloak)
rCorr   .          Rampage  .   (no gloves)
Will    .....                   (no boots)
Stlth   ++........              (no amulet)
HPRegen 0.05/turn               f - +4 ring of evasion
MPRegen 0.11/turn               (no ring)

@: no status effects
A: no striking features
a: no special abilities


You were on level 2 of the Dungeon.
You visited 1 branch of the dungeon, and saw 2 of its levels.

You collected 63 gold pieces.

Inventory:

Hand Weapons
 m - a +2 vampiric whip (weapon)
Armour
 a - a +0 robe (worn)
 k - a +0 robe
Magical Staves
 h - a staff of earth
Jewellery
 f - a +4 ring of evasion (left hand)
Scrolls
 e - a scroll of magic mapping {unknown}
 n - a scroll of identify {unknown}
Potions
 b - a potion of magic
 c - a potion of curing {unknown}
 d - 2 potions of heal wounds {unknown}
 g - a potion of flight {unknown}
 i - 2 potions of attraction {unknown}
 j - a potion of berserk rage {unknown}
 l - a potion of haste {unknown}


   Skills:
 - Level 2.4 Dodging
 - Level 2.4 Stealth
 + Level 4.0 Spellcasting
 + Level 4.9 Summonings


You had 8 spell levels left.
You knew the following spells:

 Your Spells              Type           Power      Damage    Failure   Level
a - Summon Small Mammal   Summ           88%        N/A       1%          1

Your spell library contained the following spells:

 Spells                   Type           Power      Damage    Failure   Level
 Call Imp                 Summ           22%        N/A       2%          2
 Call Canine Familiar     Summ           22%        N/A       5%          3
 Necrotise                Necr           12%        1d4       14%         1
 Summon Guardian Golem    Hex/Summ       13%        N/A       16%         3
 Vampiric Draining        Necr           3%         2d6       38%         3
 Summon Lightning Spire   Summ/Air       13%        N/A       45%         4
 Agony                    Necr           3%         N/A       98%         5


Dungeon Overview and Level Annotations

Branches:
Dungeon (2/15)

Altars:

Shops:
D:2 *

Annotations:
D:2 Terence


Message History

Your bat's corpse disappears in a puff of smoke!
Your quokka closely misses Terence.
Terence hits your quokka with a +5 flail of distortion!
Your quokka dies!
Your quokka's corpse disappears in a puff of smoke!
Terence hits your rat with a +5 flail of distortion!
Your rat dies!
Your rat's corpse disappears in a puff of smoke!
You swap places.
You swap places.
Terence hits your rat with a +5 flail of distortion!
Your rat dies!
Your rat's corpse disappears in a puff of smoke!
You swap places.
Terence hits your bat with a +5 flail of distortion!
Your bat dies!
Your bat's corpse disappears in a puff of smoke!
Your quokka barely misses Terence.
Your quokka closely misses Terence.
Your quokka bites Terence but does no damage.
Your quokka barely misses Terence.
Terence hits your quokka with a +5 flail of distortion!
Your quokka dies!
Your quokka's corpse disappears in a puff of smoke!
You are out of magic!
Your quokka barely misses Terence.
Found a scroll labelled VOOKLI UNUS.
You see here a scroll labelled VOOKLI UNUS.
n - a scroll labelled VOOKLI UNUS Your quokka barely misses Terence.
You swap places.
Terence hits your rat with a +5 flail of distortion!
Your rat dies!
Your rat's corpse disappears in a puff of smoke!
You closely miss Terence.
Terence is lightly wounded.
Your quokka bites Terence but does no damage.
Terence hits you with a +5 flail of distortion!
Ouch! That really hurt!
You die...

.... ###. ##... ....
.... .#.. #..# ...#
#..# ### #..#
#..########
#.@@r.....#
#..######.# # ##..#
#.#.# ....######@#.#
###........r..#
####.#######.### .
.....# #.#
....#####..######.#
.............@ยง...#


You could see Terence (ally target) and a friendly quokka (summoned).

Vanquished Creatures
  A ball python (D:2)
  A quokka (D:1)
2 creatures vanquished.

Vanquished Creatures (collateral kills)
  A dart slug (D:1)
  2 ball pythons (D:1)
  An endoplasm (D:1)
  3 goblins (D:2)
  4 kobolds
  A quokka (D:1)
  2 bats
  5 frilled lizards (D:1)
  A rat (D:2)
20 creatures vanquished.

Grand Total: 22 creatures vanquished

Notes
Turn   | Place    | Note
-------+----------+-------------------------------------------
     0 | D:1      | Heoruswealwe the Deep Elf Summoner began the quest for the
                  | Orb.
     0 | D:1      | Reached XP level 1. HP: 10/10 MP: 6/6
   231 | D:1      | Reached XP level 2. HP: 15/15 MP: 6/8
   889 | D:2      | Found Giemp's General Store.
   944 | D:2      | Noticed Terence
   999 | D:2      | Slain by Terence

Illustrated notes

Levels and vault maps discovered:
D:1:      scummos_arrival_simple_crosswalls, layout_basic,
          minmay_strange_pillars, minmay_lizard_pond
D:2:      layout_basic, serial_shops, nicolae_square_shop,
          chequers_serial_rivers_micro_a, uniq_terence

Skill      XL: |  1  2 |
---------------+-------+-----
Spellcasting   | 4 |  4.0
Dodging        | |  2.4
Stealth        | |  2.4
Summonings     | |  4.9

Action                   || total
-------------------------++-------
Melee: Rapier            ||     7
       Whip              ||     2
 Cast: Summon Small Mamm ||    45
Armor: Robe              ||     2
Dodge: Dodged            ||    23
